 Dungeon Crawl Stone Soup version 0.29.1-2-gbd0b4ee654 (webtiles) character file.

Game seed: 8700471502564092240

3 cdecastro the Grave Robber (level 1, 0/13 HPs)
             Began as a Human Necromancer on Nov 12, 2022.
             Slain by a hobgoblin (2 damage)
             ... on level 1 of the Dungeon.
             The game lasted 00:00:26 (55 turns).

cdecastro the Grave Robber (Human Necromancer)        Turns: 55, Time: 00:00:26

Health: 0/13       AC:  2    Str:  8    XL:     1   Next: 55%
Magic:  1/3        EV: 12    Int: 15    God:
Gold:   17         SH:  0    Dex: 13    Spells: 3/4 levels left

rFire   . . .      SeeInvis .   c - +0 dagger
rCold   . . .      Faith    .   (no shield)
rNeg    . . .      Spirit   .   a - +0 robe
rPois   .          Reflect  .   (no helmet)
rElec   .          Harm     .   (no cloak)
rCorr   .          Rampage  .   (no gloves)
Will    .....                   (no boots)
Stlth   ++........              (no amulet)
HPRegen 0.04/turn               (no ring)
MPRegen 0.08/turn               (no ring)

@: no status effects
A: no striking features
a: no special abilities


You were on level 1 of the Dungeon.
You visited 1 branch of the dungeon, and saw 1 of its levels.

You collected 17 gold pieces.

Inventory:

Hand Weapons
 c - a +0 dagger (weapon)
Armour
 a - a +0 robe (worn)
Potions
 b - a potion of magic


   Skills:
 - Level 2.0 Dodging
 - Level 2.0 Stealth
 - Level 2.0 Spellcasting
 + Level 4.2 Necromancy


You had 3 spell levels left.
You knew the following spells:

 Your Spells              Type           Power      Damage    Failure   Level
a - Necrotise             Necr           56%        1d6       4%          1

Your spell library contained the following spells:

 Spells                   Type           Power      Damage    Failure   Level
 Vampiric Draining        Necr           14%        2d7       12%         3
 Animate Dead             Necr           14%        N/A       36%         4
 Agony                    Necr           14%        N/A       73%         5


Dungeon Overview and Level Annotations

Branches:
Dungeon (1/15)

Altars:


Message History

c - a +0 dagger (weapon)
Your bat skeleton closely misses the hobgoblin.
Unknown command.
Your bat skeleton barely misses the hobgoblin. x3
The hobgoblin hits your bat skeleton.
Your goblin skeleton barely misses the hobgoblin.
Your magical contamination has completely faded away.
Your bat skeleton barely misses the hobgoblin. x2
The hobgoblin closely misses your bat skeleton.
Your bat skeleton hits the hobgoblin but does no damage.
Your goblin skeleton barely misses the hobgoblin.
There is a stone staircase leading down here.
You hit the giant cockroach but do no damage.
Your bat skeleton barely misses the hobgoblin.
Your bat skeleton hits the hobgoblin.
The giant cockroach bites you. The hobgoblin hits your bat skeleton.
Your bat skeleton hits the hobgoblin but does no damage.
Your goblin skeleton barely misses the hobgoblin.
Unknown command.
You hit the giant cockroach.
The giant cockroach is lightly wounded.
Your bat skeleton closely misses the hobgoblin.
Your bat skeleton barely misses the hobgoblin.
The giant cockroach barely misses you. The hobgoblin hits your bat skeleton.
Your bat skeleton is destroyed!
The hobgoblin shouts!
You hit the giant cockroach but do no damage.
The giant cockroach is lightly wounded.
The giant cockroach misses you.
Your goblin skeleton hits the hobgoblin but does no damage.
The giant cockroach bites you but does no damage.
Unknown command.
The giant cockroach attacks as you move away!
The giant cockroach bites you. The hobgoblin attacks as you move away!
The hobgoblin hits you. The kobold hits you with a +0 whip.
* * * LOW HITPOINT WARNING * * *
The giant cockroach bites your goblin skeleton.
The kobold attacks as you move away! The kobold completely misses you.
The hobgoblin attacks as you move away! The hobgoblin hits you.
You die...

## ... .. ##.. #.
##.. #.# #..## #
####..##...# .#
#..........# ..#
#.....BZ...###..
#.....Kg..#...
#.....#@#.#.# #....
#.#...♣♣♣♣♣♣♣♣♣ #...
#####.♣.......♣ ###
#.....♣.PPPPP.♣
#######'###.♣.P~~~P.♣
............♣.P~8~P.♣
.........##...P~~~P.♣
.........###♣.PPPPP.♣
.........# ♣<......♣


You could see a giant cockroach, a hobgoblin (ally target), a kobold and a
friendly goblin skeleton.

Vanquished Creatures
  An endoplasm (D:1)
  A goblin (D:1)
  A bat (D:1)
3 creatures vanquished.

Notes
Turn   | Place    | Note
-------+----------+-------------------------------------------
     0 | D:1      | cdecastro the Human Necromancer began the quest for the
                  | Orb.
     0 | D:1      | Reached XP level 1. HP: 13/13 MP: 3/3
    55 | D:1      | Slain by a hobgoblin

Illustrated notes

Levels and vault maps discovered:
D:1:      tarquinn_simple_flora_water_a, layout_basic,
          shapermc_ecumenical_altar_rom_forum, dreamdust_wishing_well

Action                   || total
-------------------------++-------
Melee: Dagger            ||     3
 Cast: Necrotise         ||     4
Armor: Robe              ||     1
Dodge: Dodged            ||     4
